[Event "1.Frauenbundesliga 2018-19"]
[Site "Germany"]
[Date "2019.01.13"]
[Round "6"]
[White "Lubbe, Melanie"]
[Black "Obolentseva, Alexandra"]
[Result "1/2-1/2"]
[ECO "B53"]
[WhiteElo "2342"]
[BlackElo "2347"]
[Annotator "NA"]
[PlyCount "167"]
[EventDate "2018.10.27"]
[EventType "team-tourn"]
[EventCountry "GER"]
[SourceTitle "playchess.com"]
[Source "ChessBase"]
[SourceQuality "1"]
[TimeControl "40/5400+30:1800+30"]

1. e4 c5 2. Nf3 d6 3. d4 cxd4 4. Qxd4 Nc6 5. Bb5 Bd7 {[%emt 0:00:01] LiveBook: 2354 Games} 6. Qd3 g6 7. c4 Bg7 8. Nc3 Nf6 9. O-O O-O 10. h3 Rc8 11. Be3 a6 12. Bxc6 Bxc6 13. Nd4 Nd7 14. Rac1 Nc5 15. Qc2 Ne6 16. Nxe6 fxe6 17. Ne2 Qa5 18. b3 Qe5 19. f3 Qb2 20. Rfd1 Kf7 $11 21. a4 b5 22. Qxb2 Bxb2 23. Rc2 Ba3 24. Ra1 Bb4 25. cxb5 axb5 26. a5 Ba8 27. Rxc8 Rxc8 28. a6 e5 29. Rc1 Bc5 30. Bxc5 dxc5 31. b4 Ke6 32. bxc5 Rc6 33. a7 Ra6 34. Nc3 Bc6 35. Nd5 Rxa7 36. Nb4 Kd7 37. Kf2 Ra4 38. Rb1 Ra3 39. Ke2 Rc3 40. Kd2 Rc4 41. Nd3 Kc7 42. Rb4 Rd4 43. Kc3 Rd8 44. Nxe5 Rd1 45. Nd3 g5 46. Rb2 h5 47. Rd2 Rg1 48. Ne5 Rc1+ 49. Kd4 Bb7 50. Rb2 Rd1+ 51. Ke3 Bc6 52. Ra2 Kb7 53. Nd3 Rb1 54. Rb2 Ra1 55. Nb4 Rc1 56. Rc2 Rd1 57. Nd3 Rb1 58. Ne5 b4 59. Nc4 Bb5 60. Kd4 Bxc4 61. Kxc4 Kc6 62. Rd2 g4 63. hxg4 hxg4 64. fxg4 Rc1+ 65. Kxb4 Rxc5 66. Kb3 Rg5 67. Kc4 Rxg4 68. Kd4 Kd6 69. Ke3+ Ke6 70. Kf3 Rg8 71. Rd5 Rf8+ 72. Kg4 Rf1 73. Ra5 Re1 74. Kf4 Rf1+ 75. Kg5 Re1 76. Ra4 Ke5 77. g4 Rg1 78. Kh5 Kf6 79. e5+ Kxe5 80. Kg6 Kd5 81. g5 e5 82. Kf6 Rf1+ 83. Kg7 e4 84. Ra8 1/2-1/2

[Event "1.Frauenbundesliga 2018-19"]
[Site "Germany"]
[Date "2019.01.13"]
[Round "6"]
[White "Bluhm, Sonja Maria"]
[Black "Exler, Veronika"]
[Result "1/2-1/2"]
[ECO "B13"]
[WhiteElo "2235"]
[BlackElo "2277"]
[Annotator "NA"]
[PlyCount "57"]
[EventDate "2018.10.27"]
[EventType "team-tourn"]
[EventCountry "GER"]
[SourceTitle "playchess.com"]
[Source "ChessBase"]
[SourceQuality "1"]
[TimeControl "40/5400+30:1800+30"]

1. e4 c6 2. d4 d5 3. exd5 cxd5 4. Bd3 Nc6 5. c3 Qc7 6. Ne2 Bg4 7. f3 Bd7 8. O-O e6 9. Bf4 Bd6 10. Bxd6 Qxd6 11. f4 Nf6 12. Nd2 Na5 13. Ng3 Qb6 $11 14. b4 Nc6 15. Nf3 O-O 16. Ne5 g6 17. a4 Rac8 18. Qe1 Qc7 19. Rf3 Ne7 20. Ne2 Kg7 21. Rh3 h5 22. Qh4 Rh8 23. Qg5 Nf5 24. Bxf5 exf5 25. Rg3 Ng4 26. Qe7 Be6 27. Qxc7 Rxc7 28. Rd3 Nf6 29. Ra3 1/2-1/2

[Event "1.Frauenbundesliga 2018-19"]
[Site "Germany"]
[Date "2019.01.13"]
[Round "6"]
[White "Schoene, Maria"]
[Black "Movsesian, Julia"]
[Result "1/2-1/2"]
[ECO "C96"]
[WhiteElo "2171"]
[BlackElo "2305"]
[Annotator "NA"]
[PlyCount "54"]
[EventDate "2018.10.27"]
[EventType "team-tourn"]
[EventCountry "GER"]
[SourceTitle "playchess.com"]
[Source "ChessBase"]
[SourceQuality "1"]
[TimeControl "40/5400+30:1800+30"]

1. e4 e5 2. Nf3 Nc6 3. Bb5 a6 4. Ba4 Nf6 {[%emt 0:00:00] LiveBook: 56051 Games} 5. O-O Be7 6. Re1 b5 7. Bb3 d6 8. c3 O-O 9. h3 Na5 10. Bc2 c5 11. d4 Nc6 12. Be3 Re8 13. Nbd2 Bf8 14. d5 Ne7 15. Nh4 $14 Kh8 16. Qf3 Neg8 17. Nf5 g6 18. Ng3 Bg7 19. Ndf1 Rb8 20. Nh2 a5 21. h4 h5 22. Bg5 Bh6 23. Qe3 Bxg5 24. Qxg5 Qd7 25. Ne2 Kg7 26. Rf1 Ng4 27. Nxg4 Qxg4 1/2-1/2

[Event "1.Frauenbundesliga 2018-19"]
[Site "Germany"]
[Date "2019.01.13"]
[Round "6"]
[White "Korenova, Martina"]
[Black "Belenkaya, Dina"]
[Result "0-1"]
[ECO "D26"]
[WhiteElo "2163"]
[BlackElo "2357"]
[Annotator "NA"]
[PlyCount "50"]
[EventDate "2018.10.27"]
[EventType "team-tourn"]
[EventCountry "GER"]
[SourceTitle "playchess.com"]
[Source "ChessBase"]
[SourceQuality "1"]
[TimeControl "40/5400+30:1800+30"]

1. d4 d5 2. Nf3 Nf6 3. c4 dxc4 4. e3 e6 5. Bxc4 a6 6. a4 c5 7. O-O Nc6 8. Nc3 Bd6 9. dxc5 Bxc5 10. Qxd8+ Kxd8 11. Ng5 Ke7 12. Nge4 Bb4 13. Rd1 Bd7 14. Nxf6 gxf6 15. Bd2 f5 16. e4 fxe4 17. Nxe4 $11 Bxd2 18. Nxd2 Rac8 19. b3 Rhg8 20. Bd3 f5 21. Nf3 e5 22. Bc4 Be6 23. Rac1 e4 24. Nd4 Nxd4 25. Rxd4 b5 0-1

[Event "1.Frauenbundesliga 2018-19"]
[Site "Germany"]
[Date "2019.01.13"]
[Round "6"]
[White "Schenk, Stefanie"]
[Black "Kushka, Alena"]
[Result "0-1"]
[ECO "A38"]
[WhiteElo "2090"]
[BlackElo "2165"]
[Annotator "NA"]
[PlyCount "113"]
[EventDate "2018.10.27"]
[EventType "team-tourn"]
[EventCountry "GER"]
[SourceTitle "playchess.com"]
[Source "ChessBase"]
[SourceQuality "1"]
[TimeControl "40/5400+30:1800+30"]

1. c4 c5 2. Nc3 Nc6 3. g3 g6 4. Bg2 Bg7 5. Nf3 Nf6 6. O-O O-O 7. d3 d5 8. cxd5 Nxd5 9. Nxd5 Qxd5 10. Nd2 Qh5 11. Nf3 Bh3 12. Bxh3 Qxh3 13. Qb3 b6 14. Bd2 Rad8 15. Bc3 Bxc3 16. bxc3 h6 17. Qa4 Rd6 18. Qh4 Qxh4 19. Nxh4 Rfd8 20. Nf3 e5 21. Nd2 f5 22. Nc4 Re6 23. Rfd1 Kf7 24. a4 Re7 25. Kf1 Red7 26. Ke1 Ke6 27. Ne3 e4 28. dxe4 Rxd1+ 29. Rxd1 Rxd1+ 30. Kxd1 fxe4 31. Kc2 a6 32. h4 b5 33. axb5 axb5 34. Ng4 h5 35. Ne3 Ne5 36. Kd2 Ng4 37. f3 exf3 38. exf3 Ne5 39. Ke2 Nc6 40. Kd3 Ke5 41. Nc2 Kd5 42. Ne3+ Ke5 43. Nc2 Ne7 44. Ne3 Nf5 45. Nf1 Kd5 46. Ne3+ Nxe3 47. Kxe3 Kc4 48. Kd2 b4 49. cxb4 cxb4 50. Kc2 Kd4 51. g4 Ke3 52. gxh5 gxh5 53. Kb3 Kxf3 54. Kxb4 Kg4 55. Kc3 Kxh4 56. Kd3 Kg3 57. Kd4 0-1

[Event "1.Frauenbundesliga 2018-19"]
[Site "Germany"]
[Date "2019.01.13"]
[Round "6"]
[White "Mar, Karmen"]
[Black "Mayrhuber, Nikola"]
[Result "1-0"]
[ECO "B13"]
[WhiteElo "2063"]
[BlackElo "1984"]
[Annotator "NA"]
[PlyCount "147"]
[EventDate "2018.10.27"]
[EventType "team-tourn"]
[EventCountry "GER"]
[SourceTitle "playchess.com"]
[Source "ChessBase"]
[SourceQuality "1"]
[TimeControl "40/5400+30:1800+30"]

1. e4 c6 2. d4 d5 3. exd5 cxd5 4. Bd3 Nc6 5. c3 Qc7 6. Ne2 Bg4 7. O-O e6 8. Qe1 Bxe2 9. Qxe2 Bd6 10. g3 h5 11. Bg5 Nf6 12. Nd2 O-O-O 13. Nf3 Kb8 14. Rfe1 Rde8 15. Rac1 e5 16. dxe5 Nxe5 17. Nxe5 Bxe5 18. Qf3 Ng4 19. Bf5 f6 20. Bd2 g6 21. Bxg4 hxg4 22. Qxg4 Qh7 23. h4 g5 24. h5 Qxh5 25. Qxh5 Rxh5 26. Kg2 g4 27. Rh1 Reh8 28. Rxh5 Rxh5 29. Be3 b6 30. Rd1 Bd6 31. Rd4 Bc5 32. Rxg4 Bxe3 33. fxe3 Re5 34. Kf3 a5 35. Rg7 Kc8 36. g4 b5 37. Rf7 Re6 38. Kf4 b4 39. Ra7 bxc3 40. bxc3 Re4+ 41. Kf5 a4 42. Ra5 Rxe3 43. Rxa4 Rxc3 44. Rd4 Rf3+ 45. Ke6 Kd8 46. Rxd5+ Ke8 47. Ra5 Kf8 48. Rf5 Rg3 49. Rxf6+ Kg7 50. Rf4 Ra3 51. Rf2 Kg6 52. Rg2 Kg5 53. Ke5 Ra5+ 54. Kd4 Ra4+ 55. Kc5 Ra8 56. Kb4 Rb8+ 57. Kc3 Rc8+ 58. Kb2 Rb8+ 59. Kc1 Rc8+ 60. Kb1 Rb8+ 61. Ka1 Ra8 62. Kb1 Ra3 63. Kb2 Re3 64. a4 Rd3 65. Rg1 Re3 66. a5 Re5 67. Ra1 Kxg4 68. a6 Re8 69. a7 Ra8 70. Kc3 Kf5 71. Kd4 Ke6 72. Kc5 Kd7 73. Kb6 Kc8 74. Rd1 1-0

[Event "1.Frauenbundesliga 2018-19"]
[Site "Germany"]
[Date "2019.01.13"]
[Round "6"]
[White "Barpiyeva, Gulsana"]
[Black "Ankerst, Milka"]
[Result "1/2-1/2"]
[ECO "A05"]
[WhiteElo "2035"]
[BlackElo "2009"]
[Annotator "NA"]
[PlyCount "93"]
[EventDate "2018.10.27"]
[EventType "team-tourn"]
[EventCountry "GER"]
[SourceTitle "playchess.com"]
[Source "ChessBase"]
[SourceQuality "1"]
[TimeControl "40/5400+30:1800+30"]

1. Nf3 Nf6 2. c4 e6 3. d4 d5 4. e3 Be7 5. Nc3 O-O 6. Bd3 dxc4 7. Bxc4 c5 8. O-O a6 9. a3 Nc6 10. dxc5 Bxc5 11. b4 Be7 12. Qe2 Qc7 13. Bb2 b5 14. Bb3 Bb7 15. Rac1 Rad8 16. Ng5 h6 17. Nge4 Qb6 18. Nc5 Bxc5 19. bxc5 Qc7 20. Na2 Qe7 21. Nb4 Rd7 22. f3 Rfd8 23. Bc3 Ne8 24. Ba2 Nc7 25. Bb1 Nd5 26. Nxd5 Rxd5 27. Qc2 f5 28. Bb2 Rd2 29. Qc3 R8d7 30. Rf2 Rd1+ 31. Rxd1 Rxd1+ 32. Rf1 Rd5 33. Rc1 Bc8 34. e4 Rd4 35. Qe3 Rd8 36. Ba2 fxe4 37. Qxe4 Qd7 38. Bb1 Nd4 39. Re1 Nf5 40. Ba2 Nd4 41. Bxd4 Qxd4+ 42. Qxd4 Rxd4 43. Bxe6+ Bxe6 44. Rxe6 Rc4 45. Rxa6 Rxc5 46. Ra5 Rc3 47. Rxb5 1/2-1/2

[Event "1.Frauenbundesliga 2018-19"]
[Site "Germany"]
[Date "2019.01.13"]
[Round "6"]
[White "Spiel, Marianne"]
[Black "Froehlich-Dill, Astrid"]
[Result "1-0"]
[ECO "B46"]
[WhiteElo "1896"]
[BlackElo "1792"]
[Annotator "NA"]
[PlyCount "107"]
[EventDate "2018.10.27"]
[EventType "team-tourn"]
[EventCountry "GER"]
[SourceTitle "playchess.com"]
[Source "ChessBase"]
[SourceQuality "1"]
[TimeControl "40/5400+30:1800+30"]

1. e4 c5 2. Nf3 Nc6 3. d4 cxd4 4. Nxd4 e6 5. Nc3 a6 6. Be3 Bb4 7. Qd2 Nf6 8. f3 Ne5 9. a3 Be7 10. Nb3 b5 11. O-O-O O-O 12. Kb1 Nc4 13. Bxc4 bxc4 14. Nc1 Qc7 15. N1e2 Rb8 16. Ka1 Qa5 17. Nd5 Qd8 18. Bf4 exd5 19. Bxb8 dxe4 20. Bd6 Re8 21. Bxe7 Rxe7 22. Ng3 e3 23. Qd4 Qe8 24. Rhe1 d5 25. Re2 h6 26. Rde1 Qa4 27. Kb1 Rb7 28. Rxe3 Be6 29. R1e2 Nd7 30. Nh5 Nf6 31. Nxf6+ gxf6 32. Qxf6 Qb5 33. Rxe6 fxe6 34. Qxe6+ Kh7 35. Qf5+ Kg7 36. Qe5+ Kh7 37. Qf6 c3 38. Re7+ Rxe7 39. Qxe7+ Kg8 40. Qd8+ Kh7 41. Qc7+ Kg6 42. Qxc3 Qf1+ 43. Ka2 Qxg2 44. Qd3+ Kf6 45. Qxa6+ Ke5 46. Qxh6 Qxf3 47. Qg5+ Ke6 48. Qg6+ Kd7 49. h4 Qe2 50. h5 Qc4+ 51. b3 Qc3 52. h6 d4 53. h7 Qc8 54. Qf5+ 1-0

[Event "1.Frauenbundesliga 2018-19"]
[Site "Germany"]
[Date "2019.01.13"]
[Round "6.5"]
[White "Kachiani-Gersinska, Ketino"]
[Black "Fuchs, Judith"]
[Result "1/2-1/2"]
[ECO "A05"]
[WhiteElo "2314"]
[BlackElo "2249"]
[Annotator "NA"]
[PlyCount "67"]
[EventDate "2018.10.27"]
[EventType "team-tourn"]
[EventCountry "GER"]
[SourceTitle "playchess.com"]
[Source "ChessBase"]
[SourceQuality "1"]
[TimeControl "40/5400+30:1800+30"]

1. Nf3 Nf6 2. g3 b5 3. Bg2 Bb7 4. O-O e6 5. d3 Be7 6. e4 d6 7. a4 b4 8. Re1 O-O 9. Nbd2 c5 10. a5 Qc7 11. Nc4 Nfd7 12. Bf4 e5 13. Bd2 Nc6 14. a6 Bc8 15. Ne3 Nb6 $14 16. Nd5 Nxd5 17. exd5 Nb8 18. Nxe5 Bf6 19. Nc6 Nxc6 20. dxc6 Bxb2 21. Ra2 Bf6 22. d4 Bxd4 23. Bxb4 Bxf2+ 24. Kxf2 cxb4 25. Qd4 Be6 26. Ra4 d5 27. Rxb4 Qxc6 28. c4 Qxa6 29. cxd5 Rad8 30. Ra1 Qc8 31. Rc4 Qb8 32. Rb4 Qc8 33. Rc4 Qb8 34. Rb4 1/2-1/2

[Event "1.Frauenbundesliga 2018-19"]
[Site "Germany"]
[Date "2019.01.13"]
[Round "6.6"]
[White "Baciu, Diana"]
[Black "Arakhamia-Grant, Ketevan"]
[Result "0-1"]
[ECO "B31"]
[WhiteElo "2281"]
[BlackElo "2372"]
[Annotator "NA"]
[PlyCount "136"]
[EventDate "2018.10.27"]
[EventType "team-tourn"]
[EventCountry "GER"]
[SourceTitle "playchess.com"]
[Source "ChessBase"]
[SourceQuality "1"]
[TimeControl "40/5400+30:1800+30"]

1. e4 c5 2. Nf3 Nc6 3. Bb5 g6 4. Bxc6 dxc6 5. d3 Bg7 6. h3 Nf6 7. Nc3 Nd7 8. Be3 e5 9. Qd2 h6 10. O-O b6 11. Nh2 Nf8 12. f4 exf4 13. Bxf4 Ne6 14. Be3 Nd4 15. Nd1 Qe7 16. Nf2 Bb7 17. a4 a5 18. Rad1 h5 19. c3 Ne6 20. Nf3 O-O 21. e5 Rad8 22. Bh6 c4 23. Bxg7 Kxg7 24. Qe3 cxd3 25. Qxb6 c5 26. Rxd3 Rxd3 27. Nxd3 c4 28. Nde1 Qc5+ 29. Qxc5 Nxc5 30. Nd2 Nxa4 31. Nc2 Nb6 32. Ne3 Rc8 33. Rf4 Nd5 34. Nxd5 Bxd5 35. Rd4 Be6 36. Kf2 Rc5 37. Kf3 g5 38. Ke4 h4 39. Nf3 Kg6 40. Rd6 Rb5 41. Rd2 a4 42. Nh2 Bf5+ 43. Kd4 Bd3 44. Rf2 Ra5 45. Ng4 a3 46. bxa3 Rxa3 47. Ne3 Ra4 48. Nd5 Ra7 49. Nb6 Rc7 50. Kd5 g4 51. hxg4 Kg5 52. Kd6 Rb7 53. Nd7 Bg6 54. Nc5 Rb1 55. Kd5 Re1 56. e6 fxe6+ 57. Nxe6+ Kxg4 58. Rf4+ Kg3 59. Rf8 Be4+ 60. Kxc4 Bxg2 61. Rg8+ Kf2 62. Ng5 Re5 63. Kd4 Rd5+ 64. Kc4 Rf5 65. Kd4 Rf4+ 66. Kd3 Rg4 67. Rf8+ Kg3 68. Rf5 h3 0-1

[Event "1.Frauenbundesliga 2018-19"]
[Site "Germany"]
[Date "2019.01.13"]
[Round "6.7"]
[White "Georgescu, Lena"]
[Black "Unuk, Laura"]
[Result "0-1"]
[ECO "C12"]
[WhiteElo "2180"]
[BlackElo "2234"]
[Annotator "NA"]
[PlyCount "90"]
[EventDate "2018.10.27"]
[EventType "team-tourn"]
[EventCountry "GER"]
[SourceTitle "playchess.com"]
[Source "ChessBase"]
[SourceQuality "1"]
[TimeControl "40/5400+30:1800+30"]

1. e4 e6 2. d4 d5 3. Nc3 Nf6 4. Bg5 Bb4 5. e5 h6 6. Bc1 Ne4 7. Qg4 g6 8. Nge2 c5 9. a3 Bxc3+ 10. Nxc3 Nxc3 11. bxc3 Qa5 12. Bd2 Qa4 13. Bd3 Nc6 14. Qf4 c4 15. Be2 $11 Qxc2 16. O-O g5 17. Qe3 Ne7 18. Rac1 Qg6 19. Bd1 Nf5 20. Qe2 Bd7 21. Bc2 h5 22. a4 b6 23. Bxf5 Qxf5 24. Ra1 Kf8 25. Bc1 Kg7 26. Ba3 Bxa4 27. Be7 Bc2 28. Bf6+ Kg6 29. Bxh8 Bd3 30. Qa2 Bxf1 31. Rxf1 Rxh8 32. Qxa7 h4 33. Qxb6 h3 34. Qb1 Ra8 35. gxh3 Qxb1 36. Rxb1 Ra3 37. Rc1 Kf5 38. Kg2 Ke4 39. Re1+ Kd3 40. Re3+ Kd2 41. Rf3 Rxc3 42. Rxf7 Rd3 43. Rf6 c3 44. Rxe6 c2 45. Rc6 Rc3 0-1

[Event "1.Frauenbundesliga 2018-19"]
[Site "Germany"]
[Date "2019.01.13"]
[Round "6.8"]
[White "Antolak, Julia"]
[Black "Muetsch, Annmarie"]
[Result "1-0"]
[ECO "B33"]
[WhiteElo "2183"]
[BlackElo "2259"]
[Annotator "NA"]
[PlyCount "67"]
[EventDate "2018.10.27"]
[EventType "team-tourn"]
[EventCountry "GER"]
[SourceTitle "playchess.com"]
[Source "ChessBase"]
[SourceQuality "1"]
[TimeControl "40/5400+30:1800+30"]

1. e4 c5 2. Nf3 Nc6 3. d4 cxd4 4. Nxd4 e5 5. Nb5 d6 6. N1c3 a6 7. Na3 b5 8. Nd5 Nge7 9. Be3 Nxd5 10. exd5 Ne7 11. c4 Nf5 12. Nc2 Nxe3 13. Nxe3 g6 14. cxb5 Bg7 15. bxa6 O-O 16. Qd2 f5 17. Bb5 Bxa6 18. Bxa6 Rxa6 19. Nc4 Qh4 20. Qe2 f4 21. Nd2 Rb6 22. Rb1 g5 23. O-O Rfb8 24. b3 Qh6 25. f3 Rb4 26. Rbc1 Rd4 27. Rc4 Rxc4 28. Qxc4 Bf8 29. a4 Qg7 30. h3 Qa7+ 31. Kh2 Qe3 32. Qc7 Ra8 33. Ne4 Ra7 34. Qd8 1-0

[Event "1.Frauenbundesliga 2018-19"]
[Site "Germany"]
[Date "2019.01.13"]
[Round "6.9"]
[White "Schmidt, Jessica"]
[Black "Gosciniak, Maria"]
[Result "0-1"]
[ECO "E18"]
[WhiteElo "2259"]
[BlackElo "2091"]
[Annotator "NA"]
[PlyCount "114"]
[EventDate "2018.10.27"]
[EventType "team-tourn"]
[EventCountry "GER"]
[SourceTitle "playchess.com"]
[Source "ChessBase"]
[SourceQuality "1"]
[TimeControl "40/5400+30:1800+30"]

1. d4 e6 2. Nf3 b6 3. g3 Bb7 4. Bg2 c5 5. dxc5 bxc5 6. O-O Be7 7. c4 Nf6 8. Nc3 O-O 9. Bf4 d6 10. Qb3 Bc6 11. Rfd1 Nh5 12. Be3 Nd7 13. Ne1 Bxg2 14. Nxg2 Rb8 15. Qc2 Qb6 16. b3 Rfd8 17. Nf4 Nhf6 18. h3 Qc6 19. Rac1 a6 20. Ng2 Rbc8 21. g4 h6 22. Bf4 d5 23. cxd5 exd5 24. Ne3 Nb6 25. Nf5 Bf8 26. a4 d4 27. Nb1 Qe6 28. Bh2 Nbd5 29. Qc4 g6 30. Nh4 Ne4 31. Ng2 Ng5 32. Rd3 Qxe2 33. Nh4 Nb4 34. Rg3 Qxc4 35. Rxc4 Bd6 36. Rg2 Nxh3+ 37. Kf1 Nf4 38. Bxf4 Bxf4 39. f3 Bg5 40. Rh2 d3 41. Nd2 Nc2 42. Re4 Nd4 43. f4 Bxh4 44. Rxh4 Rb8 45. Rxh6 Nxb3 46. Rh2 Nxd2+ 47. Rxd2 Rb1+ 48. Kf2 Rc1 49. f5 c4 50. Re3 gxf5 51. gxf5 Kg7 52. f6+ Kxf6 53. Kg2 Rg8+ 54. Kh2 Rf1 55. a5 Rf5 56. Rh3 Ke5 57. Rh4 Rf4 0-1

[Event "1.Frauenbundesliga 2018-19"]
[Site "Germany"]
[Date "2019.01.13"]
[Round "6.10"]
[White "Brandt, Carina"]
[Black "Mader, Manuela"]
[Result "0-1"]
[ECO "B01"]
[WhiteElo "2093"]
[BlackElo "2166"]
[Annotator "NA"]
[PlyCount "64"]
[EventDate "2018.10.27"]
[EventType "team-tourn"]
[EventCountry "GER"]
[SourceTitle "playchess.com"]
[Source "ChessBase"]
[SourceQuality "1"]
[TimeControl "40/5400+30:1800+30"]

1. e4 d5 2. exd5 Qxd5 3. Nc3 Qd6 4. d4 Nf6 5. Nf3 a6 6. g3 Bg4 7. Bg2 c6 8. O-O e6 9. Bf4 Qd8 10. h3 Bxf3 11. Qxf3 Be7 12. Be5 O-O 13. g4 Nbd7 14. Bg3 Nb6 15. g5 Ne8 16. h4 Qxd4 17. Rfd1 Qc5 18. Ne4 Qxc2 19. h5 f5 20. gxf6 Nxf6 21. Qe3 Nbd5 22. Nxf6+ Rxf6 23. Bxd5 cxd5 24. Rac1 Qf5 25. Rc7 Qxh5 26. Rdc1 Rh6 27. Kf1 Re8 28. Qe5 Qf3 29. Ke1 Bb4+ 30. R1c3 Rh1+ 31. Kd2 Qd1+ 32. Ke3 Re1+ 0-1

[Event "1.Frauenbundesliga 2018-19"]
[Site "Germany"]
[Date "2019.01.13"]
[Round "6.11"]
[White "Kiefhaber, Veronika"]
[Black "Sherif, Amina"]
[Result "1/2-1/2"]
[ECO "B22"]
[WhiteElo "2156"]
[BlackElo "1950"]
[Annotator "NA"]
[PlyCount "51"]
[EventDate "2018.10.27"]
[EventType "team-tourn"]
[EventCountry "GER"]
[SourceTitle "playchess.com"]
[Source "ChessBase"]
[SourceQuality "1"]
[TimeControl "40/5400+30:1800+30"]

1. e4 c5 2. c3 Nf6 3. e5 Nd5 4. Nf3 Nc6 5. Bc4 Nb6 6. Bb3 d5 7. exd6 Qxd6 8. Na3 Be6 9. d4 Bxb3 10. Qxb3 cxd4 11. Nb5 Qd7 12. Nbxd4 Nxd4 13. Nxd4 e6 14. Bf4 Bd6 15. Bxd6 Qxd6 16. O-O O-O 17. Rad1 Rfd8 18. Nb5 Qb8 19. Rxd8+ Qxd8 20. Rd1 Qb8 21. Rd4 Qe5 22. Qd1 h6 23. Nd6 Rd8 24. h3 Rd7 25. Qd2 a6 26. Qd1 1/2-1/2

[Event "1.Frauenbundesliga 2018-19"]
[Site "Germany"]
[Date "2019.01.13"]
[Round "6.12"]
[White "Waechter, Nathalie"]
[Black "Moingt, Anne"]
[Result "1/2-1/2"]
[ECO "E24"]
[WhiteElo "2055"]
[BlackElo "2066"]
[Annotator "NA"]
[PlyCount "93"]
[EventDate "2018.10.27"]
[EventType "team-tourn"]
[EventCountry "GER"]
[SourceTitle "playchess.com"]
[Source "ChessBase"]
[SourceQuality "1"]
[TimeControl "40/5400+30:1800+30"]

1. d4 Nf6 2. c4 e6 3. Nc3 Bb4 4. Nf3 O-O 5. a3 Bxc3+ 6. bxc3 c5 7. Qc2 d6 8. e4 e5 9. Bd3 Nc6 10. dxc5 dxc5 11. Bg5 Qe7 12. h3 b6 13. O-O Rd8 14. Rfd1 Ba6 15. Nh2 h6 16. Bxf6 Qxf6 17. Ng4 Qe6 18. Ne3 Na5 19. Nd5 Rac8 20. Be2 Qe8 21. Qa2 Kf8 22. a4 Qc6 23. Bd3 Qg6 24. Qe2 Bb7 25. Rf1 Qd6 26. f4 Bxd5 27. cxd5 c4 28. Bc2 Re8 29. f5 f6 30. g4 Qc5+ 31. Kg2 Ke7 32. Rfd1 Kd6 33. Rdb1 Qc7 34. Rb4 Rg8 35. Rab1 Qc5 36. Bd1 Qc7 37. Rb5 Rh8 38. Qe3 Rb8 39. Qc1 Kd7 40. Qd2 Kd6 41. Bc2 Qd8 42. Qf2 Qc7 43. Qe3 Qd8 44. Bd1 Qc7 45. Be2 Qd8 46. Qc1 Qc7 47. Qe3 1/2-1/2